 Dungeon Crawl Stone Soup version 0.26-a0-642-g67e99244d3 (webtiles) character file.

Game seed: 4654627234927043806

1190 DogServant the Quickloader (level 8, -2/64 HPs)
             Began as a Formicid Hunter on Sept 21, 2020.
             Slain by a hound (6 damage)
             ... on level 6 of the Dungeon.
             The game lasted 00:13:51 (7581 turns).

DogServant the Quickloader (Formicid Hunter)        Turns: 7581, Time: 00:13:52

Health: -2/64      AC:  3    Str: 19    XL:     8   Next: 71%
Magic:  8/8        EV: 12    Int: 11    God:
Gold:   350        SH:  0    Dex: 11    Spells: 7/7 levels left

rFire    . . .     SeeInvis +   o - +2 hunting sling (flame)
rCold    + . .     Faith    .   (no shield)
rNeg     . . .     Spirit   .   c - +0 leather armour
rPois    .         Reflect  .   (helmet unavailable)
rElec    .         Harm     .   (no cloak)
rCorr    .         Rampage  .   (no gloves)
MR       .....                  (no boots)
Stlth    ++........             t - amulet of magic regeneration
HPRegen  0.20/turn              h - ring of protection from cold
MPRegen  0.36/turn              (no ring)

@: no status effects
A: permanent stasis, dig shafts and tunnels, four strong arms, antennae 3
a: Dig, Shaft Self


You were on level 6 of the Dungeon.
You visited 1 branch of the dungeon, and saw 6 of its levels.

You collected 350 gold pieces.

Inventory:

Hand Weapons
 a - a +1 hand crossbow
 b - a +0 short sword
 o - a +2 hunting sling of flaming (weapon)
 u - a +2 dagger of electrocution
Missiles
 s - 66 stones (quivered)
Armour
 c - a +0 leather armour (worn)
Jewellery
 g - an uncursed amulet of the acrobat
 h - a ring of protection from cold (left hand)
 n - a cursed ring of positive energy {unknown}
 t - an amulet of magic regeneration (around neck)
 w - a cursed ring of teleportation {unknown}
Scrolls
 i - 4 scrolls of identify
 y - a scroll of amnesia {unknown}
Potions
 e - 2 potions of cancellation
 f - a potion of magic
 j - a potion of lignification
 k - a potion of invisibility {unknown}
 l - 2 potions of heal wounds {unknown}
 m - 2 potions of mutation {unknown}
 p - 5 potions of curing {unknown}
 q - a potion of brilliance {unknown}
 r - 3 potions of stabbing {unknown}
 v - a potion of resistance {unknown}
 x - a potion of haste {unknown}


   Skills:
 - Level 6.1 Fighting
 + Level 2.7 Short Blades
 + Level 2.5 Slings
 + Level 8.0 Crossbows
 - Level 1.7 Dodging
 - Level 2.3 Stealth
   Level 0.8 Evocations


You had 7 spell levels left.
You didn't know any spells.
Your spell library was empty.

Dungeon Overview and Level Annotations

Branches:
Dungeon (6/15)
 Temple: D:4-7

Altars:
Elyvilon
Gozag
Kikubaaqudgha
Okawaru
Trog

Annotations:
D:4 2 runed translucent doors, haldagan's ghost, amateur BaTm


Innate Abilities, Weirdness & Mutations

You cannot be hasted, slowed, berserked, paralysed or teleported.
You can dig through walls and to a lower floor.
Your four strong arms can wield two-handed weapons with a shield.
You have a pair of large antennae on your head. (SInv)


Message History

You shoot a stone. The stone closely misses the hound.
The hound bites you.
* * * LOW HITPOINT WARNING * * *
The hound bites you.
* * * LOW HITPOINT WARNING * * *
Okay, then.
Okay, then.
Firing (i - inventory)
s - 68 stones (quivered)
Press: ? - help, Shift-Dir - straight line, f/p - hound
Aim: a hound (severely wounded)
You shoot a stone. The stone hits the hound.
The stone burns the hound.
The hound is almost dead.
The hound bites you but does no damage.
Firing (i - inventory)
s - 67 stones (quivered)
Press: ? - help, Shift-Dir - straight line, f/p - hound
Aim: a hound (almost dead)
You shoot a stone.
The stone hits the hound but does no damage.
The hound is almost dead.
The hound bites you.
You die...

..## ####....##
....#######.........
#..#..........##.....
#.. #......#####...##
#.. ##...### #.....#
.####..##...##
#.....# .......#...##
#...... .(........##
#..#... #(....(h@##
..###.. #.......# #.
##....(## # #..[..(#
# .......(.
..........
...).......
.)((........ .##
((........... #..


You could see a hound.

Vanquished Creatures
  2 orc warriors (D:6)
  An ogre (D:4)
  A phantom (D:4)
  A centaur (D:5)
  2 scorpions
  A howler monkey (D:5)
  A bullfrog zombie (D:6)
  A hound (D:4)
  A centaur zombie (D:5)
  2 orc priests
  A jelly (D:6)
  2 bullfrog skeletons
  An orc wizard (D:4)
  A centaur skeleton (D:6)
  An iguana (D:5)
  A hound zombie (D:5)
  Robin (D:4)
  7 gnolls (D:3)
  6 adders
  A shadow imp (D:6)
  An ooze (D:2)
  An adder skeleton (D:4)
  3 worms
  3 dart slugs
  16 orcs
  A ball python (D:4)
  5 bats
  2 giant cockroaches
  22 goblins
  7 hobgoblins
  8 jackals
  4 kobolds
  4 frilled lizards
  10 rats
122 creatures vanquished.

Vanquished Creatures (others)
  A quokka (D:2)
  10 plants (D:3)
11 creatures vanquished.

Grand Total: 133 creatures vanquished

Notes
Turn   | Place    | Note
-------+----------+-------------------------------------------
     0 | D:1      | DogServant the Formicid Hunter began the quest for the Orb.
     0 | D:1      | Reached XP level 1. HP: 16/16 MP: 1/1
   376 | D:1      | Reached XP level 2. HP: 17/22 MP: 2/2
  1117 | D:1      | Reached XP level 3. HP: 28/28 MP: 3/3
  1596 | D:2      | Found an iron altar of Okawaru.
  1664 | D:2      | Reached skill level 5 in Crossbows
  1664 | D:2      | Reached XP level 4. HP: 31/34 MP: 4/4
  2100 | D:2      | Found a faded altar of an unknown god.
  2671 | D:3      | Reached XP level 5. HP: 4/41 MP: 5/5
  3041 | D:3      | Reached skill level 1 in Short Blades
  3490 | D:3      | Reached XP level 6. HP: 38/47 MP: 6/6
  4477 | D:4      | Reached skill level 6 in Crossbows
  4526 | D:4      | Noticed an ogre
  4537 | D:4      | Killed an ogre
  4702 | D:4      | Noticed a phantom
  4750 | D:4      | Killed a phantom
  4750 | D:4      | Reached XP level 7. HP: 21/55 MP: 7/7
  5205 | D:4      | Noticed Robin
  5237 | D:4      | Reached skill level 5 in Fighting
  5249 | D:4      | Killed Robin
  5364 | D:4      | Found a large runed translucent door.
  5365 | D:4      | Found a large runed translucent door.
  5368 | D:4      | Noticed haldagan's ghost (amateur BaTm)
  5371 | D:4      | Found a bloodstained altar of Trog.
  6207 | D:5      | Entered Level 5 of the Dungeon
  6237 | D:5      | Reached skill level 7 in Crossbows
  6517 | D:5      | Reached XP level 8. HP: 58/64 MP: 8/8
  6558 | D:5      | Found an ancient bone altar of Kikubaaqudgha.
  6713 | D:5      | Found an opulent altar of Gozag.
  6905 | D:5      | Found a white marble altar of Elyvilon.
  7214 | D:6      | Reached skill level 1 in Slings
  7560 | D:6      | Reached skill level 8 in Crossbows
  7581 | D:6      | Slain by a hound

Illustrated notes

Levels and vault maps discovered:
D:1:      minmay_arrival_nine_rooms, layout_basic, serial_bayou_pond_a
D:2:      minmay_general_purpose_star, layout_basic,
          kennysheep_okawaru_gauntlet, chequers_ecumenical_altar_lobes,
          lemuel_flame_loot_1
D:3:      layout_basic, serial_bayou_pond_c
D:4:      layout_layer_cave, old_standard_altar, ebering_ghost_disaster_area,
          nicolae_ossuary_entry_plus, uniq_robin
D:5:      layout_cave_pools, marbit_many_paths, grunt_gozag_breadcrumbs,
          basic_altar, minivault_23
D:6:      layout_layer_cave, serial_shops, shop_statue

Skill      XL: |  1  2  3  4  5  6  7  8 |
---------------+-------------------------+-----
Crossbows      | 5 6 7 8 |  8.0
Fighting       | 3 4 5 6 |  6.1
Stealth        | 2 |  2.3
Short Blades   | 1 2 |  2.7
Slings         | 2 |  2.5
Dodging        | |  1.7
Evocations     | |  0.8

Action                   |  1- 3 |  4- 6 |  7- 9 || total
-------------------------+-------+-------+-------++-------
Melee: Short sword       |    92 |   111 |    55 ||   258
       Dagger            |       |       |    10 ||    10
 Fire: Hand crossbow     |     9 |    52 |    28 ||    89
       Hunting sling     |       |    22 |   118 ||   140
Throw: Stone             |       |       |     2 ||     2
Evoke: Wand              |       |     8 |       ||     8
  Use: Scroll            |     2 |     8 |       ||    10
       Potion            |       |       |     1 ||     1
 Stab: Sleeping          |       |     2 |       ||     2
Armor: Leather armour    |    23 |    30 |    33 ||    86
       Skin              |       |       |     5 ||     5
Dodge: Dodged            |    67 |   109 |    81 ||   257

Table legend: (Time is in decaauts)
 A = Elapsed time spent in this place.
 B = Non-inter-level travel time spent in this place.
 C = Inter-level travel time spent in this place.
 D = Time resting spent in this place.
 E = Time spent auto-exploring this place.
 F = Levels seen in this place.
 G = Mean time per level.
                   A        B        C        D        E       F      G
               +--------+--------+--------+--------+--------+-----+--------+
         Total |   7619 |   7530 |     89 |    669 |   5523 |   6 | 1269.8 |
       Dungeon |   7619 |   7530 |     89 |    669 |   5523 |   6 | 1269.8 |
               +--------+--------+--------+--------+--------+-----+--------+

Top non-repeatable levels by time:
     D:4: 1835 daAuts
     D:3: 1613 daAuts
     D:2: 1433 daAuts
     D:1: 1350 daAuts
     D:5: 928 daAuts
     D:6: 457 daAuts
